Map: Lerilak Crest

Players

Elazer - Winner!

  • Race: Zerg Zerg

iAsonu

  • Race: Zerg Zerg

Event: 2016 WCS Winter Circuit Championship

VOD

Have the link to the VOD?

Description

Time

  • Played on: March 4, 2016, 9:27 a.m.
  • Length: 6:49

All games in this series

Show
View Real Time Build Order
Export as new Build Order

Elazer Zerg - Winner!

Build Orders: Pool First 

Get SALT Encoding   

  12  0:00  Drone  
  13  0:22  Spawning Pool  
  13  0:24  Drone  
  13  0:28  Extractor  
  12  0:33  Drone  
  13  0:37  Drone  
  14  0:45  Overlord  
  14  1:08  Zergling x2  
  14  1:09  Zergling x4  
  17  1:12  Queen  
  19  1:20  Zergling x2  
  20  1:31  Zergling x2  
  20  1:32  Metabolic Boost  
  21  1:42  Zergling x2  
  22  1:49  Baneling Nest  
  21  1:55  Overlord  
  21  2:09  Zergling x2  
  22  2:23  Zergling x8  
  26  2:31  Zergling x2  
  26  2:36  Baneling  
  26  2:37  Baneling  
  27  2:40  Zergling x2  
  28  2:50  Drone  
  29  2:53  Drone  
  27  3:06  Hatchery  
  24  3:13  Drone  
  24  3:17  Drone  
  24  3:18  Drone  
  26  3:29  Queen  
  26  3:33  Zergling x2  
  29  3:44  Drone  
  29  3:45  Overlord  
  30  3:52  Baneling  
  30  4:06  Drone  
  30  4:07  Queen  
  33  4:13  Drone x2  
  34  4:17  Drone  
  34  4:19  Drone x2  
  37  4:28  Queen  
  37  4:47  Drone x2  
  37  4:49  Drone x2  
  37  4:50  Roach Warren  
  35  5:03  Zergling x8  
  35  5:05  Zergling x2  
  40  5:12  Overlord  
  40  5:22  Baneling x2  
  40  5:30  Overlord  
  40  5:31  Roach x4  
  48  5:37  Roach x2  
  48  5:38  Overlord  
  52  5:48  Overlord  
  52  5:49  Roach x2  
  56  5:54  Roach  
  58  5:58  Roach  
  59  6:07  Roach x3  
  62  6:14  Roach x2  
  62  6:15  Zergling x2  
  62  6:17  Zergling x2  
  68  6:20  Zergling x2  
  68  6:23  Zergling x2  
  70  6:27  Zergling x2  
  70  6:41  Ravager  
Show
View Real Time Build Order
Export as new Build Order

iAsonu Zerg 

Build Orders: Pool First 

Get SALT Encoding   

  12  0:01  Drone  
  13  0:13  Overlord  
  13  0:17  Drone  
  14  0:31  Drone x2  
  14  0:35  Drone  
  17  0:45  Extractor  
  17  0:46  Spawning Pool  
  17  0:49  Drone  
  16  0:57  Drone  
  17  1:10  Drone  
  18  1:18  Hatchery  
  17  1:33  Queen  
  17  1:34  Zergling x2  
  17  1:37  Zergling x2  
  21  1:43  Zergling x2  
  22  1:48  Metabolic Boost  
  22  1:54  Overlord  
  22  2:12  Queen  
  22  2:14  Zergling x4  
  26  2:23  Zergling x2  
  27  2:31  Spine Crawler, Zergling x2  
  27  2:36  Zergling x2  
  28  2:41  Zergling x2  
  28  2:42  Zergling x6  
  32  2:52  Overlord  
  32  2:58  Zergling x4  
  23  3:07  Zergling x4  
  20  3:14  Zergling x2  
  20  3:16  Zergling x4  
  23  3:23  Zergling x4  
  23  3:28  Baneling Nest  
  22  3:37  Queen  
  23  3:42  Zergling x2  
  23  3:46  Drone  
  25  3:49  Drone  
  26  4:02  Zergling x2  
  26  4:12  Drone  
  27  4:19  Baneling x2  
  27  4:27  Drone  
  27  4:29  Drone  
  28  4:40  Zergling x2  
  28  4:42  Zergling x2  
  27  4:47  Zergling x4  
  27  4:48  Baneling  
  27  4:49  Drone  
  29  4:54  Zergling x2  
  29  4:56  Hatchery  
  27  5:02  Queen  
  27  5:06  Drone  
  30  5:12  Drone  
  29  5:23  Drone  
  30  5:30  Drone  
  30  5:33  Drone  
  30  5:35  Drone x2  
  32  5:46  Drone  
  33  5:53  Roach Warren  
  32  5:57  Overlord  
  32  6:09  Overlord  
  32  6:16  Zergling x8  
  36  6:19  Spine Crawler, Zergling x2  
  36  6:20  Baneling x2  
  36  6:21  Baneling x2  
  38  6:28  Zergling x2  
  38  6:31  Zergling x2  
Tags
 
Add a new tag
Caveats
  • Supply blocks, unpowered buildings, or Contaminate may cause inaccurate times.
  • Supply counts are checked every 10 seconds.